 Dungeon Sprint DCSS version 0.22-a0-833-g8522bf8125 (webtiles) character file.

112 Jannitor the Skirmisher (level 4, -4/42 HPs)
             Began as a Demonspawn Fighter on July 25, 2018.
             Killed from afar by a deep elf mage (19 damage)
             ... with a shard of ice
             ... in the Dungeon (Sprint III: "The Ten Rune Challenge").
             The game lasted 00:01:27 (1018 turns).

Jannitor the Skirmisher (Demonspawn Fighter)        Turns: 1018, Time: 00:01:27

Health: -4/42      AC: 11    Str: 17    XL:     4   Next: 64%
Magic:  4/4        EV:  7    Int: 12    God:
Gold:   29         SH:  9    Dex: 12    Spells: 3/3 levels left

rFire    . . .     SeeInvis .   a - +0 flail
rCold    . . .     Gourm    .   c - +0 shield
rNeg     . . .     Faith    .   b - +0 scale mail
rPois    .         Spirit   .   (no helmet)
rElec    .         Reflect  .   (no cloak)
rCorr    .         Harm     .   (no gloves)
MR       .....     NoTele   +   (no boots)
Stlth    ..........             (no amulet)
HPRegen  0.14/turn              (no ring)
MPRegen  0.09/turn              (no ring)

@: hasted, very quick
A: iridescent scales 2, clever 1, robust 1, spiny 1
a: no special abilities


You were in the Dungeon.
You were not hungry.

You visited 1 branch You collected 29 gold pieces.

Inventory:

Hand Weapons
 a - a +0 flail (weapon)
Armour
 b - a +0 scale mail (worn)
 c - a +0 shield (worn)
Scrolls
 k - a scroll of blinking
 m - 2 scrolls of torment {unknown}
 n - 3 scrolls of identify
 o - 4 scrolls of remove curse
Potions
 e - a potion of curing
 g - a potion of heal wounds
 h - a potion of haste
 i - 2 potions of magic
 l - 3 potions of mutation
 p - 3 potions of flight
Comestibles
 f - 3 rations


   Skills:
 + Level 5.4 Fighting
 + Level 4.5 Maces & Flails
 + Level 5.0 Armour
 + Level 5.0 Shields


You had 3 spell levels left.
You didn't know any spells.
Your spell library was empty.

Dungeon Overview and Level Annotations

Branches:
Dungeon (1/1)

Altars:
Elyvilon
Zin
The Shining One


Innate Abilities, Weirdness & Mutations

You are mostly covered in iridescent scales. (AC +4)
You are partially covered in sharp spines.
Your mind is acute. (Int +2)
You are robust. (+10% HP)


Message History

You block the deep elf mage's attack.
You closely miss the deep elf mage.
The deep elf mage is heavily wounded.
You block the ice beast's attack.
You closely miss the deep elf mage.
The deep elf mage is heavily wounded.
The deep elf mage casts a spell.
The deep elf mage blinks!
You block the ice beast's attack.
The deep elf mage points at you and mumbles some strange words.
The bolt of cold hits you!
The bolt of cold hits the ice beast.
The ice beast completely resists.
There is an open door here.
The deep elf mage hits you but does no damage.
You barely miss the deep elf mage.
The deep elf mage is heavily wounded.
You closely miss the deep elf mage.
The deep elf mage is heavily wounded.
The deep elf mage gestures at you while chanting.
The shard of ice hits you!
You die...

▓▓▓▓▓▓▓ ▓▓▓ '.....♣♣
♣.##### #....♣.♣
♣♣.#___# #....♣.♣
..#...# #....≈♣♣♣
♣.###Y#+###+##
#...≈≈♣.♣♣♣.#...@......#
#..≈≈≈≈♣..♣.'.⌠..e.....#
#..≈≈≈≈≈≈.♣.#...######+#
#.≈≈≈≈≈≈....#.⌠.#
#.≈≈≈≈≈.....#...#
#.≈≈≈.......#+###
#...........#
............#
▓▓▓▓▓▓▓▓▓▓▓▓▓


You could see a deep elf mage and an ice beast.

Vanquished Creatures
  A water elemental (D)
  Jessica (D)
  A human (D)
  An ooze (D)
  A phantom (D)
  2 rats (D)
7 creatures vanquished.

Vanquished Creatures (others)
  2 draconian scorchers (D)
  6 hellions (D)
  2 yaktaurs (D)
10 creatures vanquished.

Grand Total: 17 creatures vanquished

Notes
Turn   | Place    | Note
-------+----------+-------------------------------------------
     0 | D        | Jannitor the Demonspawn Fighter began the quest for the Orb.
     0 | D        | Reached XP level 1. HP: 18/18 MP: 1/1
    11 | D        | Noticed Jessica
    19 | D        | Killed Jessica
    19 | D        | Gained mutation: You are partially covered in iridescent scales. (AC +2) [demonic ancestry]
    19 | D        | Reached XP level 2. HP: 8/25 MP: 2/2
    19 | D        | Gained mutation: You are mostly covered in iridescent scales. (AC +4) [demonic ancestry]
    19 | D        | Reached XP level 3. HP: 10/30 MP: 3/3
    81 | D        | Killed a yaktaur
    90 | D        | Killed a hellion
    91 | D        | Killed a hellion
    97 | D        | Killed a hellion
   127 | D        | Killed a hellion
   128 | D        | Killed a hellion
   149 | D        | Killed a hellion
   217 | D        | Killed a white draconian scorcher
   253 | D        | Killed a white draconian scorcher
   343 | D        | Killed a yaktaur
   486 | D        | Gained mutation: You have sharp toenails. [potion of mutation]
   486 | D        | Gained mutation: You are robust. (+10% HP) [potion of mutation]
   486 | D        | Lost mutation: You have sharp toenails. [potion of mutation]
   486 | D        | Gained mutation: Your mind is acute. (Int +2) [potion of mutation]
   501 | D        | Noticed a water elemental
   772 | D        | Killed a water elemental
   772 | D        | Reached skill level 5 in Fighting
   772 | D        | Reached skill level 5 in Armour
   772 | D        | Reached skill level 5 in Shields
   772 | D        | Gained mutation: You are partially covered in sharp spines. [demonic ancestry]
   772 | D        | Reached XP level 4. HP: 12/42 MP: 4/4
  1005 | D        | Found a glowing silver altar of Zin.
  1005 | D        | Found a glowing golden altar of the Shining One.
  1005 | D        | Found a white marble altar of Elyvilon.
  1006 | D        | Noticed a deep elf mage
  1011 | D        | Noticed an ice beast
  1018 | D        | Killed from afar by a deep elf mage

Vault maps used:
D:        dungeon_sprint_mu

Skill      XL: |  1  2  3 |
---------------+----------+-----
Maces & Flails | 3 4 |  4.5
Armour         | 3 5 |  5.0
Shields        | 3 5 |  5.0
Fighting       | 4 5 |  5.4

Action                   |  1- 3 |  4- 6 || total
-------------------------+-------+-------++-------
Melee: Flail             |    51 |     8 ||    59
  Use: Potion            |     3 |     1 ||     4
Armor: Scale mail        |    23 |     3 ||    26
Dodge: Dodged            |    12 |       ||    12
Block: Shield            |    17 |     4 ||    21

Table legend:
 A = Spawn XP
 B = Non-spawn XP
 C = Spawn XP percentage of total XP
 D = Spawn monster count
 E = Non-spawn monster count
 F = Spawn count percentage of total count
 G = Total turns spent on level
                    A         B        C        D         E        F      G
               +---------+---------+-------+---------+---------+-------+---------
         Total |       0 |     161 |   0.0 |       0 |       7 |   0.0 |  1018
               +---------+---------+-------+---------+---------+-------+---------
             D |       0 |     161 |   0.0 |       0 |       7 |   0.0 |  1018
               +---------+---------+-------+---------+---------+-------+---------
